 Dungeon Crawl Stone Soup version 0.19.0 (webtiles) character file.

673973 Punkdog the Slayer (level 27, 0/236 (237) HPs)
             Began as a Minotaur Fighter on Nov 3, 2016.
             Was the Champion of Hepliaklqana.
             Succumbed to an ushabti's dark miasma
             ... on level 1 of the Tomb of the Ancients on Nov 4, 2016.
             The game lasted 03:15:13 (56610 turns).

Punkdog the Slayer (Minotaur Fighter)              Turns: 56610, Time: 03:15:14

HP:   0/236 (237)   AC: 36    Str: 32    XL:     27
MP:   22/22         EV: 29    Int:  4    God:    Hepliaklqana [******]
Gold: 2195          SH: 36    Dex: 24    Spells: 0 memorised, 26 levels left

rFire  + + .     SeeInvis +     a - +10 broad axe "Optast" {drain, rElec MR+ Str-2 Int+2}
rCold  + + +     Gourm    .     M - +4 plate armour "Omocwel" {+Blink Regen+}
rNeg   + + +     Faith    .     H - +8 large shield
rPois  +         Spirit   .     I - +2 hat
rElec  +         Reflect  .     K - +2 cloak "Xuhiung" {MR+ Str+2}
rCorr  .         Harm     +     k - +0 pair of gloves "Fianisch" {+Blink rPois Dex+3} (curse)
MR     ++++.     Rnd*Tele +     F - +1 pair of boots of Taodghym {rC+ Str+7 SInv}
Stlth  ..........               P - amulet "Batah" {Harm *Drain rF+ rN+ Slay+2}
                                j - ring "Igesuo" {rF+ rC+++ rN+ Int-3}
                                i - ring of the Two Names {rN+ Dex+2}

@: lethally poisoned (0 -> -3), very slightly contaminated
A: retaliatory headbutt, reduced essence, horns 2, teleportitis 1
a: Recall Ancestor, Ancestor Identity, Transference, Idealise, Renounce
Religion, Evoke Blink
}: 4/15 runes: decaying, serpentine, slimy, silver


You were on level 1 of the Tomb of the Ancients.
You worshipped Hepliaklqana.
Hepliaklqana was exalted by your worship.
You were very full.

You visited 12 branches of the dungeon, and saw 54 of its levels.
You visited 2 bazaars.
You visited 1 ziggurat, and saw 13 of its levels.
You also visited: Labyrinth.

You collected 7343 gold pieces.
You spent 5148 gold pieces at shops.

Inventory:

Hand Weapons
 a - the +10 broad axe "Optast" (weapon) {drain, rElec MR+ Str-2 Int+2}
   (You bought it in a shop on level 4 of the Dungeon)

   A truly terrible weapon, it drains the life of those it strikes.
   It affects your strength (-2).
   It affects your intelligence (+2).
   It insulates you from electricity.
   It affects your resistance to hostile enchantments.
Armour
 k - the cursed +0 pair of gloves "Fianisch" (worn) {+Blink rPois Dex+3}
   (You found it on level 5 of a ziggurat)

   It affects your dexterity (+3).
   It protects you from poison.
   It lets you blink.
   It has a curse placed upon it.
 F - the +1 pair of boots of Taodghym (worn) {rC+ Str+7 SInv}
   (You found it on level 8 of the Dungeon)

   It affects your strength (+7).
   It protects you from cold.
   It lets you see invisible.
 H - a +8 large shield (worn)
 I - a +2 hat (worn)
 K - the +2 cloak "Xuhiung" (worn) {MR+ Str+2}
   (You found it on level 12 of the Dungeon)

   It affects your strength (+2).
   It affects your resistance to hostile enchantments.
 M - the +4 plate armour "Omocwel" (worn) {+Blink Regen+}
   (You bought it in a shop on level 2 of the Orcish Mines)

   It lets you blink.
   It increases your rate of regeneration.
Jewellery
 c - the amulet "Kiut" {Regen+ Str+4 Int+4 Dex+7}
   (You found it on level 5 of the Vaults)

   [amulet of regeneration]

   It affects your strength (+4).
   It affects your intelligence (+4).
   It affects your dexterity (+7).
   It increases your rate of regeneration.
 i - the ring of the Two Names (left hand) {rN+ Dex+2}
   (You found it on level 8 of a ziggurat)

   [ring of dexterity]

   It affects your dexterity (+2).
   It protects you from negative energy.
 j - the ring "Igesuo" (right hand) {rF+ rC+++ rN+ Int-3}
   (You found it on level 4 of a ziggurat)

   [ring of protection from fire]

   It affects your intelligence (-3).
   It protects you from fire.
   It renders you almost immune to cold.
   It protects you from negative energy.
 y - the ring "Wyghi" {EV+3 Str+4 Int+8}
   (You found it on level 5 of the Pits of Slime)

   [ring of evasion]

   It affects your evasion (+3).
   It affects your strength (+4).
   It affects your intelligence (+8).
 z - the ring "Caph" {rC+ rN+}
   (You bought it in a shop on level 5 of the Depths)

   [ring of positive energy]

   It protects you from cold.
   It protects you from negative energy.
 P - the amulet "Batah" (around neck) {Harm *Drain rF+ rN+ Slay+2}
   (You found it on level 11 of a ziggurat)

   [amulet of harm]

   It increases damage dealt and taken.
   It affects your accuracy and damage with ranged weapons and melee attacks
   (+2).
   It protects you from fire.
   It protects you from negative energy.
   It causes draining when unequipped.
Wands
 g - a wand of disintegration (12/24)
 m - a wand of heal wounds (2/9)
 s - a wand of digging (6/24)
 t - a wand of digging (10/24)
Scrolls
 b - 11 scrolls of fear
 h - a scroll of identify
 l - 26 scrolls of teleportation
 p - 5 scrolls of fog
 r - 4 scrolls of enchant armour
 u - 8 scrolls of recharging
 x - 7 scrolls of magic mapping
 B - 3 scrolls of summoning
 J - 24 scrolls of remove curse
 Q - 5 scrolls of enchant weapon
Potions
 d - 5 potions of flight
 e - 11 potions of curing
 n - 5 potions of haste
 o - a potion of invisibility
 G - 6 potions of cure mutation
Comestibles
 f - 20 bread rations
 q - 17 meat rations


   Skills:
 + Level 24.6 Fighting
 + Level 24.4 Axes
 + Level 24.5 Armour
 + Level 23.3 Dodging
 + Level 24.4 Shields


You had 26 spell levels left.
You didn't know any spells.

Dungeon Overview and Level Annotations

Branches:
Dungeon (15/15)            Temple (1/1) D:4            Lair (6/6) D:8
  Swamp (4/4) Lair:3        Snake (4/4) Lair:3        Slime (5/5) Lair:5
    Orc (2/2) D:11            Elf (3/3) Orc:2        Vaults (5/5) D:14
  Crypt (3/3) Vaults:3       Tomb (1/3) Crypt:3      Depths (5/5) D:15
    Zot (0/5) Depths:5

Altars:
Ashenzari
Cheibriados
Dithmenos
Elyvilon
Fedhas
Gozag
Hepliaklqana
Kikubaaqudgha
Makhleb
Nemelex Xobeh
Okawaru
Qazlal
Ru
Sif Muna
Trog
Uskayaw
Vehumet
Xom
Yredelemnul
Zin
The Shining One
Beogh

Shops:
D:4 *   Orc:2 [(=*   Elf:1 [   Vaults:4 !   Vaults:5 [}   Depths:1 [*%%
Depths:2 (}   Depths:5 ==}

Portals:
Hell: Depths:1 Depths:2 Depths:3 Depths:4 Depths:5
Abyss: Depths:2 Depths:3 Depths:4
Pandemonium: Depths:3 Depths:5


Innate Abilities, Weirdness & Mutations

You reflexively headbutt those who attack you in melee.
You have a pair of horns on your head.
Your life essence is reduced. (-10% HP)
You are occasionally teleported next to monsters.


Message History

Your spiny frog zombie hits the sphinx!
Your mummy barely misses the sphinx.
Skunkdog casts a spell.
The ancient lich casts a spell.
The ushabti shakes and rattles.
The vile air hits you!
The sphinx mumbles some strange words.
Something smites you!
* * * LOW HITPOINT WARNING * * *
Skunkdog hits the ancient lich with a broad axe of speed.
The ancient lich touches Skunkdog.
Your spiny frog zombie barely misses the sphinx.
As you read the scroll of fear, it crumbles to dust.
You assume a fearsome visage.
The mummy priest is unaffected.
The ancient lich is unaffected.
Your mummy is unaffected.
Your spiny frog zombie is unaffected.
The ushabti is unaffected.
The sphinx looks frightened!
Skunkdog is unaffected.
You are engulfed in dark miasma.
You are poisoned.
You feel your flesh rotting away!
* * * LOW HITPOINT WARNING * * *
You die...

##############
#...[H.......#
#....L.......#
#..########..# ........
#..#.. #M.#......M....M.
#.R#M# #..#..........4M.
#.z#^# #..#..........M..
#.8#M######8.#.....=......Z
#..#ZHLR..@..#...........LM
#.4###########.........RZ.3
#.......H...........3M.4Wz§
#..................§.8.§ZW.
##############.....^^######
##'''''## #....... #.8...8.
#.......#


You could see the friendly Skunkdog the knight, an ancient lich, a sphinx
(fleeing), a mummy priest, an ushabti, a friendly mummy and a friendly spiny
frog zombie.

Vanquished Creatures
  the Royal Jelly (Slime:5)
  A pandemonium lord (Zig:1)
  2 ancient liches
  Khufu (Crypt:1)
  Mennas (Vaults:5)
  A greater mummy (Crypt:2)
  Boris (Depths:5)
  Bai Suzhen (Snake:3)
  Xtahua (Crypt:1)
  Saint Roka (Vaults:3)
  Nikola (Swamp:4)
  4 golden dragons
  A caustic shrike (Zig:13)
  3 bone dragons
  Jorgrun (Crypt:1)
  5 liches
  A hellephant (Zig:13)
  2 Ice Fiends (Zig:12)
  6 tentacled monstrosities
  26 acid blobs
  A quicksilver dragon (Vaults:5)
  Asterion (Elf:2)
  3 deep elf master archers
  3 titans
  4 deep elf blademasters
  A thorn hunter (Swamp:3)
  Kirke (Lair:6)
  4 sphinxes
  2 ancient champions
  3 shadow dragons (Vaults:5)
  3 tengu reavers
  4 storm dragons
  3 revenants
  19 nagarajas
  13 azure jellies
  7 fire giants
  8 frost giants
  3 deep elf sorcerers
  A ghost moth (Zig:11)
  A draconian shifter (Depths:5)
  12 vault wardens
  2 ghouls (Crypt:1)
  4 curse skulls
  A balrug (Depths:2)
  A cacodemon (Depths:5)
  Aizul (Swamp:1)
  3 deep elf elementalists
  2 reapers
  11 very ugly things
  19 stone giants
  A draconian annihilator (Depths:5)
  9 ironheart preservers
  2 war gargoyles (Crypt:3)
  7 deep elf demonologists
  9 vampire knights
  A purple draconian (Depths:5)
  A yellow draconian (Depths:5)
  6 deep elf annihilators
  3 dire elephants (Zig:13)
  A white draconian (Depths:5)
  2 merfolk javelineers
  3 eidola
  8 death oozes
  5 spark wasps
  11 ettins
  8 fire dragons
  6 deep elf death magi
  2 crystal guardians (Crypt:3)
  10 jiangshi
  A minotaur (Lab)
  6 deep elf high priests
  10 great orbs of eyes
  A quicksilver dragon zombie (Crypt:3)
  9 ogre magi
  24 naga warriors
  7 rakshasas
  Harold (D:12)
  A quicksilver dragon skeleton (Tomb:1)
  10 yaktaur captains
  26 vault guards
  3 ghost crabs
  3 spriggan air magi
  3 anacondas
  17 hydras
  4 death knights
  6 ice dragons
  9 centaur warriors
  2 catoblepae (Zig:13)
  37 dancing weapons
  3 orc high priests
  4 death scarabs (Tomb:1)
  3 tengu warriors
  2 deep troll shamans
  4 deep troll earth magi
  5 alligators
  7 vampire magi
  6 spriggan berserkers
  6 hell knights (Crypt:3)
  20 naga sharpshooters
  2 sun demons (Depths:2)
  A shock serpent (shapeshifter) (Depths:3)
  Sonja (D:10)
  21 deep elf knights
  5 shock serpents
  6 shadow wraiths
  An iron troll (Depths:3)
  A fire crab (shapeshifter) (Vaults:5)
  2 fire crabs
  A sixfirhy (Depths:3)
  A small abomination (Elf:1)
  An unseen horror (shapeshifter) (Vaults:4)
  23 skeletal warriors
  2 sea snakes (Snake:3)
  2 glowing orange brains
  An infernal demonspawn (Depths:3)
  13 deep trolls
  A spriggan druid (Swamp:4)
  2 gelid demonspawn (Depths:5)
  2 shambling mangroves (Swamp:4)
  11 deep elf archers
  5 swamp dragons (Swamp:4)
  Pikel (D:9)
  3 unseen horrors
  15 ironbrand convokers
  6 flayed ghosts
  A harpy (shapeshifter) (Zig:6)
  An obsidian statue (Vaults:4)
  A golden dragon skeleton (Zig:12)
  2 wizards
  An iron dragon zombie (Crypt:3)
  6 hill giants
  10 necromancers
  12 orc knights
  5 naga ritualists
  9 oklob plants
  3 harpies (Vaults:1)
  2 lindwurms (Swamp:4)
  9 phantasmal warriors
  10 mana vipers
  6 wolf spiders
  4 orb spiders (Zig:11)
  A shadow dragon skeleton (Zig:12)
  5 shining eyes
  25 ugly things
  An iron dragon skeleton (Crypt:3)
  64 deep elf magi
  3 orc sorcerers
  7 cyclopes
  2 salamanders (Snake:3)
  A cyclops (shapeshifter) (Vaults:5)
  A wolf spider zombie (D:11)
  A dire elephant zombie (Crypt:3)
  A moth of wrath (Zig:11)
  2 fire giant skeletons
  2 centaur zombies (D:15)
  5 guardian serpents
  2 guardian serpents (shapeshifter)
  Joseph (D:9)
  A torpor snail (shapeshifter) (D:15)
  31 black mambas
  12 naga magi
  A water nymph (shapeshifter) (Depths:4)
  A stone giant skeleton (Crypt:3)
  An eye of devastation (Slime:4)
  16 vault sentinels
  7 centaur skeletons
  A gargoyle (D:12)
  3 torpor snails
  2 spiny frogs (shapeshifter)
  12 spiny frogs
  An orange demon (Depths:5)
  A kobold demonologist (Depths:4)
  13 komodo dragons
  A rime drake (Lair:5)
  34 yaktaurs
  A mottled draconian zombie (Crypt:2)
  A yaktaur zombie (Vaults:3)
  A tormentor (Zig:12)
  A komodo dragon (shapeshifter) (Vaults:2)
  A pale draconian zombie (Crypt:2)
  A yaktaur (shapeshifter) (Elf:2)
  3 efreet (Depths:4)
  2 ice devils
  15 freezing wraiths
  4 jumping spiders
  6 guardian mummies
  10 polar bears
  A harpy zombie (Crypt:3)
  6 meliai
  2 tengu conjurers
  7 trolls
  A jumping spider (shapeshifter) (Zig:8)
  A queen bee (shapeshifter) (Vaults:4)
  A troll (shapeshifter) (Vaults:2)
  A minotaur skeleton (Crypt:1)
  18 hornets
  14 two-headed ogres
  2 tyrant leeches
  91 slime creatures
  18 blink frogs
  2 blink frogs (shapeshifter)
  8 dream sheep (Lair:6)
  An ettin zombie (Tomb:1)
  An ice dragon zombie (Crypt:3)
  3 bog bodies (Swamp:3)
  2 death drake skeletons (Crypt:2)
  12 hippogriffs
  2 fire dragon zombies (Crypt:3)
  17 water elementals
  28 flying skulls
  2 redbacks (shapeshifter)
  2 shadows
  4 tarantellas
  4 redbacks
  7 wraiths
  A centaur simulacrum (D:14)
  6 air elementals
  A spriggan (shapeshifter) (Vaults:2)
  19 spriggans
  8 wyverns
  A basilisk (shapeshifter) (Depths:1)
  13 golden eyes
  3 hogs (Lair:6)
  28 yaks
  A basilisk (Lair:6)
  3 fire elementals
  A ynoxinul (Depths:5)
  2 hungry ghosts
  12 humans
  13 vampire mosquitoes
  2 chaos spawn
  A warg (Orc:1)
  3 mottled dragons
  A human zombie (Zig:12)
  21 swamp worms
  5 insubstantial wisps (Swamp:2)
  A floating eye (Depths:2)
  11 water moccasins
  75 nagas
  6 porcupines
  3 ice beasts
  3 necrophages
  40 orc warriors
  12 swamp drakes
  4 sky beasts
  3 ettin simulacra (Depths:4)
  8 eyes of draining
  11 black bears
  A manticore zombie (Crypt:2)
  A phantom (D:7)
  4 slaves (D:9)
  2 boggarts
  26 wolves
  41 ogres
  10 centaurs
  13 crocodiles
  Blork the orc (D:4)
  A big kobold (shapeshifter) (Depths:3)
  An elf skeleton (Vaults:3)
  A gnoll sergeant (D:7)
  19 bullfrogs
  A komodo dragon skeleton (Crypt:1)
  A yaktaur skeleton (Crypt:2)
  An earth elemental (Zig:6)
  2 scorpions
  A raiju zombie (Crypt:2)
  An elf simulacrum (Vaults:1)
  9 killer bees
  18 wights
  2 electric eels
  4 howler monkeys
  7 crimson imps
  2 bullfrog zombies
  5 quasits
  A human simulacrum (Vaults:3)
  12 hounds
  8 jellies
  A gnoll shaman (D:5)
  25 orc priests
  24 orc wizards
  Crazy Yiuf (D:5)
  A human skeleton (Crypt:3)
  4 iguanas
  A lightning spire (Zig:8)
  11 worker ants
  A killer bee zombie (D:5)
  A big kobold skeleton (Crypt:1)
  4 mummies
  A howler monkey zombie (D:10)
  A worker ant zombie (D:9)
  10 adders
  8 gnolls
  A steam dragon skeleton (Crypt:1)
  4 shadow imps
  4 white imps
  6 oozes
  5 ufetubi
  A worm zombie (Crypt:2)
  2 adder zombies
  2 adder skeletons
  4 worms (D:2)
  A dart slug (D:2)
  3 leopard geckos
  73 orcs
  3 giant cockroaches
  7 goblins
  9 hobgoblins
  5 jackals (D:8)
  6 quokkas
  12 ball pythons
  A ball python zombie (Crypt:1)
  6 bats
  5 frilled lizards
  12 kobolds
  2 quokka skeletons
  9 rats
  2 bushes (Lair:3)
  A butterfly (Lair:4)
  A crawling corpse (Elf:1)
  13 fungi
  9 plants
2136 creatures vanquished.

Vanquished Creatures (collateral kills)
  2 greater mummies (Crypt:2)
  2 tentacled monstrosities
  Rupert (Lair:3)
  7 acid blobs
  Gastronok (D:9)
  2 tengu reavers
  A storm dragon (Vaults:5)
  A nagaraja (Snake:4)
  A revenant (Crypt:2)
  2 azure jellies
  2 vault wardens (Vaults:5)
  A ghost moth (Zig:11)
  Louise (Swamp:1)
  A fire giant (Vaults:4)
  A frost giant (Depths:2)
  2 deep elf elementalists
  A ghoul (Crypt:1)
  An orc warlord (Orc:2)
  3 very ugly things
  2 ironheart preservers
  6 stone giants
  2 war gargoyles
  A deep elf demonologist (Vaults:1)
  A caustic shrike skeleton (Zig:12)
  2 entropy weavers
  2 vampire knights
  A deep elf death mage (Elf:3)
  A crystal guardian (Crypt:3)
  2 merfolk javelineers
  An ettin (Depths:5)
  2 eidola (Crypt:2)
  2 death oozes
  A yaktaur captain (Vaults:2)
  8 naga warriors
  A rakshasa (Depths:3)
  3 vault guards (Vaults:4)
  4 hydras
  2 centaur warriors (Depths:2)
  2 alligators (Swamp:2)
  4 dancing weapons
  A deep troll shaman (Depths:3)
  2 ogre magi
  5 naga sharpshooters
  3 deep troll earth magi (Depths:2)
  2 small abominations
  A deep elf knight (Elf:2)
  3 shock serpents (Snake:4)
  3 skeletal warriors
  A shadow demon (Depths:3)
  2 deep trolls
  3 ironbrand convokers
  A swamp dragon (Swamp:4)
  2 phantasmal warriors
  A tengu zombie (Zig:12)
  A shambling mangrove (Swamp:2)
  A lindwurm (Zig:13)
  A harpy (shapeshifter) (Vaults:4)
  A hill giant (D:15)
  2 orc knights
  A harpy (Vaults:1)
  4 deep elf archers
  6 ugly things
  6 deep elf magi
  2 oklob plants
  3 manticores
  2 wolf spiders
  A shining eye (Zig:9)
  2 orc sorcerers (Orc:2)
  2 salamanders (Snake:2)
  A centaur zombie (D:15)
  A sphinx skeleton (Zig:12)
  3 black mambas
  A frost giant skeleton (Crypt:2)
  A naga mage (Snake:4)
  2 spiny frogs (Swamp:1)
  2 vault sentinels
  A guardian serpent (Snake:4)
  A torpor snail (Zig:11)
  2 komodo dragons
  2 rime drakes
  A dire elephant skeleton (Crypt:1)
  4 yaktaurs
  A tengu conjurer (Depths:3)
  2 trolls
  6 hornets
  3 dream sheep (Lair:6)
  5 two-headed ogres
  2 bog bodies
  A polar bear (Zig:13)
  A hippogriff (D:13)
  16 slime creatures
  An air elemental (Zig:6)
  A fire dragon zombie (Crypt:3)
  A water elemental (Depths:2)
  6 flying skulls
  5 spriggans
  2 tarantellas
  A hungry ghost (D:10)
  A basilisk (Lair:4)
  A wraith (Vaults:1)
  A yak (Lair:6)
  3 humans
  2 golden eyes
  7 nagas
  4 water moccasins
  An insubstantial wisp (Swamp:2)
  A merfolk skeleton (Crypt:2)
  3 swamp worms
  5 orc warriors
  5 swamp drakes
  2 sky beasts
  2 ice beasts
  An eye of draining (Slime:4)
  An ogre (Depths:4)
  A necrophage (Crypt:3)
  A boggart (Lair:6)
  3 wolves (Lair:6)
  2 centaurs
  A crocodile (Lair:3)
  2 big kobolds (Depths:4)
  A bullfrog (D:7)
  A water moccasin skeleton (Crypt:1)
  A killer bee (D:10)
  A wight (Crypt:2)
  3 electric eels
  A bullfrog zombie (D:11)
  A jelly (Depths:1)
  2 orc wizards
  2 orc priests
  An iguana (D:5)
  2 gnolls
  A worker ant zombie (D:5)
  2 adders
  A white imp (Zig:12)
  A leopard gecko (D:6)
  7 orcs
  A quokka (D:7)
  2 fungi
  2 plants
307 creatures vanquished.

Vanquished Creatures (others)
  A sphinx (Zig:8)
  A stone giant (Vaults:5)
  A vampire knight (Depths:3)
  An ettin (Vaults:5)
  2 yaktaur captains (Vaults:5)
  An alligator (Swamp:4)
  A death scarab (Tomb:1)
  A naga sharpshooter (Snake:4)
  A lindwurm (Swamp:4)
  A deep elf mage (Elf:1)
  A torpor snail (Zig:11)
  A spiny frog (Swamp:4)
  3 yaktaurs
  A blink frog (Zig:13)
  A flying skull (Tomb:1)
  A human (D:14)
  A naga (Snake:4)
  An ogre (Vaults:5)
  An orc warrior (Vaults:5)
  3 centaurs (Depths:2)
  An orc priest (Orc:2)
  An orc wizard (Orc:2)
  22 knights
  2 ancestors
  An orc (Orc:2)
  A kobold (D:1)
  7 fungi (Lair:6)
  5 plants
65 creatures vanquished.

Grand Total: 2508 creatures vanquished

Notes
Turn   | Place    | Note
-------+----------+-------------------------------------------
     0 | D:1      | Punkdog the Minotaur Fighter began the quest for the Orb.
     0 | D:1      | Reached XP level 1. HP: 19/19 MP: 0/0
    57 | D:1      | Reached XP level 2. HP: 25/27 MP: 1/1
   166 | D:1      | Reached skill level 1 in Dodging
   384 | D:1      | Reached XP level 3. HP: 31/33 MP: 2/2
   647 | D:2      | Found a shattered altar of Ashenzari.
   809 | D:2      | Reached XP level 4. HP: 40/40 MP: 3/3
   995 | D:2      | Found an opulent altar of Gozag.
  1554 | D:3      | Reached XP level 5. HP: 42/47 MP: 4/4
  1995 | D:3      | Found a basalt altar of Yredelemnul.
  1995 | D:3      | Found a deep blue altar of Sif Muna.
  2219 | D:4      | Noticed Blork the orc
  2237 | D:4      | Killed Blork the orc
  2421 | D:4      | Reached skill level 5 in Shields
  2433 | D:4      | Gained mutation: You are robust. (+10% HP) [potion of mutation]
  2433 | D:4      | Gained mutation: You are somewhat resistant to further mutation. [potion of mutation]
  2452 | D:4      | Reached XP level 6. HP: 59/60 MP: 5/5
  2631 | D:4      | Found a staircase to the Ecumenical Temple.
  2681 | Temple   | Entered the Ecumenical Temple
  2881 | Temple   | Became a worshipper of Hepliaklqana the Forgotten
  3018 | D:4      | Reached skill level 5 in Fighting
  3040 | D:4      | Found Yliara's General Store.
  3165 | D:5      | Entered Level 5 of the Dungeon
  3229 | D:5      | Found a runed door.
  3294 | D:5      | Noticed Crazy Yiuf
  3305 | D:5      | Killed Crazy Yiuf
  3378 | D:5      | Reached skill level 5 in Armour
  3432 | D:5      | Reached XP level 7. HP: 54/61 MP: 6/6
  3548 | D:5      | Found a glowing silver altar of Zin.
  3659 | D:5      | Reached skill level 5 in Axes
  4323 | D:6      | Reached XP level 8. HP: 46/70 MP: 7/7
  4475 | D:6      | Reached * piety under Hepliaklqana
  4548 | D:6      | Found a shimmering altar of Xom.
  4634 | D:6      | Found a burning altar of Makhleb.
  4634 | D:6      | Noticed an oklob plant
  4789 | D:6      | Killed an oklob plant
  4789 | D:6      | Reached skill level 5 in Dodging
  5236 | D:7      | Reached XP level 9. HP: 64/79 MP: 8/8
  5529 | D:7      | Found an iron altar of Okawaru.
  5781 | D:7      | Reached ** piety under Hepliaklqana
  5782 | D:7      | Remembered your ancestor Skunkdog as a knight
  5929 | D:7      | Found a shattered altar of Ashenzari.
  6023 | D:8      | Noticed a troll
  6031 | D:8      | Killed a troll
  6195 | D:8      | Found a staircase to the Lair.
  6701 | D:8      | Reached XP level 10. HP: 90/90 MP: 9/9
  6709 | D:8      | Found a hide-covered altar of Uskayaw.
  6863 | D:8      | Got a pair of slimy boots
  6870 | D:8      | Identified the +1 pair of boots of Taodghym {rC+ Str+7 SInv} (You found it on level 8 of the Dungeon)
  7228 | D:9      | Noticed Gastronok
  7243 | D:9      | Killed Gastronok
  7333 | D:9      | Reached *** piety under Hepliaklqana
  7412 | D:9      | Noticed Joseph
  7416 | D:9      | Lost mutation: You are somewhat resistant to further mutation. [potion of cure mutation]
  7416 | D:9      | Lost mutation: You are robust. (+10% HP) [potion of cure mutation]
  7437 | D:9      | Killed Joseph
  7491 | D:9      | Noticed Pikel
  7508 | D:9      | Killed Pikel
  7893 | D:10     | Entered Level 10 of the Dungeon
  7893 | D:10     | Noticed Sonja
  7904 | D:10     | Killed Sonja
  7904 | D:10     | Reached skill level 10 in Shields
  7908 | D:10     | Reached XP level 11. HP: 41/87 MP: 10/10
  8218 | D:10     | Noticed a hill giant
  8226 | D:10     | Killed a hill giant
  8226 | D:10     | Reached skill level 10 in Armour
  8585 | D:10     | Noticed a hill giant
  8594 | D:10     | Killed a hill giant
  8594 | D:10     | Reached skill level 10 in Fighting
  8841 | D:11     | Reached skill level 10 in Axes
  8879 | D:11     | Noticed a green ugly thing
  8891 | D:11     | Killed a green ugly thing
  8901 | D:11     | Reached **** piety under Hepliaklqana
  8973 | D:11     | Found a flickering gateway to a bazaar.
  8981 | Bazaar   | Entered a bazaar
  8985 | Bazaar   | Found Unewas's Jewellery Boutique.
  9004 | Bazaar   | Found Qein's Antique Armour Emporium.
  9021 | Bazaar   | Found Silox's Book Boutique.
  9038 | Bazaar   | Found Olares's Antique Weapon Shoppe.
  9086 | D:11     | Found a staircase to the Orcish Mines.
  9549 | D:11     | You fall through a shaft for 2 floors!
  9654 | D:13     | Found a labyrinth entrance.
  9655 | D:13     | Noticed a centaur warrior
  9662 | Lab      | Entered a labyrinth
 10320 | Lab      | Noticed a minotaur
 10322 | Lab      | Gained mutation: You have a pair of large horns on your head. [potion of beneficial mutation]
 10340 | Lab      | Killed a minotaur
 10346 | Lab      | Identified the Almanac of Conjuration
 10348 | Lab      | Got a warped mace
 10348 | Lab      | Got an encrusted chain mail
 10357 | D:13     | Killed a centaur warrior
 10455 | D:13     | Identified the +2 chain mail of the Dragon {rElec Regen+ SInv} (You found it in a labyrinth)
 10466 | D:13     | Identified the +5 mace of Desperation {drain, Dex+2} (You found it in a labyrinth)
 10533 | D:13     | Noticed an unseen horror
 10536 | D:13     | Killed an unseen horror
 10585 | D:13     | Reached XP level 12. HP: 99/99 MP: 11/11
 11003 | D:14     | Found a gate to the Vaults.
 11003 | D:14     | Noticed a centaur warrior
 11003 | D:14     | Noticed a fire dragon
 11011 | D:15     | Entered Level 15 of the Dungeon
 11019 | D:15     | Reached skill level 10 in Dodging
 11050 | D:14     | Killed a fire dragon
 11055 | D:14     | Killed a centaur warrior
 11777 | D:14     | Noticed a four-headed hydra
 11790 | D:14     | Killed a nine-headed hydra
 11956 | D:14     | Noticed a six-headed hydra
 11965 | D:14     | Killed a 12-headed hydra
 12079 | D:14     | Reached XP level 13. HP: 106/106 MP: 12/12
 12203 | D:14     | Reached ***** piety under Hepliaklqana
 12832 | D:12     | Got a brightly glowing cloak
 12916 | D:12     | Noticed Harold
 12928 | D:12     | Killed Harold
 13665 | D:15     | Found a staircase to the Depths.
 14143 | D:15     | Identified the +2 cloak "Xuhiung" {MR+ Str+2} (You found it on level 12 of the Dungeon)
 14292 | D:15     | Reached XP level 14. HP: 116/116 MP: 13/13
 14753 | D:15     | Got a translucent copper amulet
 15193 | Orc:1    | Entered Level 1 of the Orcish Mines
 15307 | Orc:2    | Entered Level 2 of the Orcish Mines
 15400 | Orc:2    | Noticed an orc warlord
 15428 | Orc:2    | HP: 4/116 [soul eater/drain life[an orc sorcerer] (16)]
 15438 | Orc:1    | HP: 1/116 [orc priest/divine providence (12)]
 16023 | Orc:2    | Killed an orc warlord
 16310 | Orc:2    | Found a roughly hewn altar of Beogh.
 16346 | Orc:2    | Found Mutuluas's General Store.
 16357 | Orc:2    | Found Xeydiah's Antique Armour Shop.
 16444 | Orc:2    | Identified the amulet of Ibbuvu {Inacc rPois Int+2} (You found it on level 15 of the Dungeon)
 16697 | Orc:2    | Found a staircase to the Elven Halls.
 16915 | Orc:2    | Found Jogutoa's Jewellery Shop.
 17110 | D:4      | Bought the +10 broad axe "Optast" {drain, rElec MR+ Str-2 Int+2} for 1075 gold pieces
 17298 | Orc:2    | Found Seduliur's Antique Weapon Shop.
 17556 | Orc:1    | Found a bloodstained altar of Trog.
 17761 | Lair:1   | Entered Level 1 of the Lair of Beasts
 18034 | Lair:1   | Identified the Tome of the Foremost Eyes
 18173 | Lair:1   | You fall through a shaft!
 18825 | Lair:3   | Found a staircase to the Snake Pit.
 18846 | Lair:3   | Reached ****** piety under Hepliaklqana
 18849 | Lair:3   | Noticed Rupert
 18863 | Lair:3   | Killed Rupert
 19333 | Lair:3   | Reached XP level 15. HP: 125/125 MP: 14/14
 19526 | Lair:3   | Found a staircase to the Swamp.
 21112 | Lair:5   | Found an iron altar of Okawaru.
 21164 | Lair:5   | Found a staircase to the Slime Pits.
 21704 | Lair:5   | Found a dark tunnel.
 22062 | Lair:6   | Entered Level 6 of the Lair of Beasts
 22104 | Lair:6   | Noticed Kirke
 22115 | Lair:6   | Killed Kirke
 22461 | Lair:6   | Reached skill level 15 in Fighting
 22641 | Lair:6   | Reached skill level 15 in Armour
 22996 | Lair:6   | Reached skill level 15 in Shields
 23410 | Lair:3   | Reached skill level 15 in Axes
 23432 | Swamp:1  | Entered Level 1 of the Swamp
 23788 | Swamp:1  | Noticed Louise
 23799 | Swamp:1  | Killed Louise
 23902 | Swamp:1  | Noticed Aizul
 23911 | Swamp:1  | Killed Aizul
 24507 | Swamp:2  | Reached XP level 16. HP: 134/134 MP: 15/15
 25531 | Swamp:3  | Noticed a thorn hunter
 25549 | Swamp:3  | Killed a thorn hunter
 25655 | Swamp:4  | Entered Level 4 of the Swamp
 25731 | Swamp:4  | Noticed Nikola
 26281 | Swamp:4  | Killed Nikola
 26648 | Swamp:4  | Got a decaying rune of Zot
 27191 | Vaults:1 | Entered Level 1 of the Vaults
 27345 | Vaults:1 | Reached skill level 15 in Dodging
 27604 | Vaults:1 | Reached XP level 17. HP: 142/143 MP: 14/16
 29096 | Orc:2    | Bought the amulet of Tesohiut {Reflect SH+4 Stlth+} for 591 gold pieces
 29287 | Orc:2    | Bought a bloodstained plate armour for 1092 gold pieces
 29297 | Orc:2    | Identified the +4 plate armour "Omocwel" {+Blink Regen+} (You bought it in a shop on level 2 of the Orcish Mines)
 30958 | Vaults:3 | Noticed Saint Roka
 30986 | Vaults:3 | Killed Saint Roka
 30986 | Vaults:3 | Reached XP level 18. HP: 110/153 MP: 17/17
 31179 | Vaults:3 | Found a staircase to the Crypt.
 31268 | Crypt:1  | Entered Level 1 of the Crypt
 32359 | Vaults:4 | Noticed a lich
 32367 | Vaults:4 | Killed a lich
 32382 | Vaults:4 | Found Biulliv's Distillery.
 32396 | Vaults:4 | Bought a potion of heal wounds for 70 gold pieces
 32396 | Vaults:4 | Bought a potion of heal wounds for 70 gold pieces
 33309 | Vaults:5 | Entered Level 5 of the Vaults
 33340 | Vaults:5 | Noticed a golden dragon
 33350 | Vaults:4 | Reached XP level 19. HP: 143/161 MP: 18/18
 33925 | Vaults:4 | Killed a golden dragon
 34219 | Vaults:5 | Got a silver rune of Zot
 34384 | Vaults:5 | Found Jaadgh's Antique Armour Shoppe.
 34393 | Vaults:5 | Identified the Reference Book on Floating Confrontation
 34393 | Vaults:5 | Noticed Mennas
 34414 | Vaults:5 | Killed Mennas
 34426 | Vaults:5 | Identified a scroll of acquirement
 34427 | Vaults:5 | Got a twitching silver amulet
 34428 | Vaults:5 | Identified the amulet "Licel" {+Rage rElec rF+} (You acquired it on level 5 of the Vaults)
 34461 | Vaults:5 | Reached XP level 20. HP: 130/171 MP: 19/19
 34623 | Vaults:5 | Noticed a golden dragon
 34632 | Vaults:5 | Killed a golden dragon
 35339 | Vaults:5 | Found Ijogobb's Gadget Emporium.
 35346 | Vaults:5 | Got an ancient lead amulet
 35349 | Vaults:5 | Identified the amulet "Kiut" {Regen+ Str+4 Int+4 Dex+7} (You found it on level 5 of the Vaults)
 35738 | Snake:1  | Entered Level 1 of the Snake Pit
 37137 | Snake:3  | Noticed Bai Suzhen
 37153 | Snake:3  | Killed Bai Suzhen
 37153 | Snake:3  | Reached XP level 21. HP: 180/180 MP: 20/20
 38042 | Snake:4  | Entered Level 4 of the Snake Pit
 39509 | Snake:4  | Got a serpentine rune of Zot
 39816 | Elf:1    | Entered Level 1 of the Elven Halls
 39939 | Elf:1    | Found Waenut's Antique Armour Shoppe.
 40318 | Elf:1    | Reached XP level 22. HP: 189/189 MP: 21/21
 40398 | Elf:1    | Identified the Compendium of the Peculiar Gods
 41262 | Elf:2    | Found a runed gate.
 41267 | Elf:2    | Found a runed gate.
 41267 | Elf:2    | Found a runed gate.
 41439 | Elf:2    | Noticed Asterion
 41459 | Elf:2    | Killed Asterion
 41813 | Elf:3    | Entered Level 3 of the Elven Halls
 42182 | Elf:3    | HP: 7/191 [???[a deep elf demonologist] (5)]
 42329 | Elf:3    | Identified Deaciph's Compendium of Curses
 42333 | Elf:3    | Identified the Guide on Sinister Arts
 42493 | Elf:3    | Got a pitted golden amulet
 42507 | Elf:3    | Got a wavering brass ring
 42619 | Elf:3    | Identified the ring "Ohanawar" {rCorr Int+4} (You found it on level 3 of the Elven Halls)
 42620 | Elf:3    | Identified the amulet "Afethec" {Faith rElec rC+ Int+3} (You found it on level 3 of the Elven Halls)
 43171 | Crypt:1  | Noticed Xtahua
 43185 | Crypt:1  | Killed Xtahua
 43561 | Crypt:1  | Noticed Jorgrun
 43577 | Crypt:1  | Killed Jorgrun
 43740 | Crypt:2  | Noticed a greater mummy
 43740 | Crypt:2  | Noticed a greater mummy
 43741 | Crypt:2  | Noticed Khufu
 43958 | Crypt:2  | Killed a greater mummy
 43989 | Crypt:2  | Killed a greater mummy
 43989 | Crypt:2  | Reached XP level 23. HP: 95/197 MP: 22/22
 44076 | Crypt:2  | Noticed a greater mummy
 44190 | Crypt:1  | Killed Khufu
 44316 | Crypt:2  | Killed a greater mummy
 44980 | Crypt:3  | Entered Level 3 of the Crypt
 45367 | Crypt:3  | Found a staircase to the Tomb.
 45447 | Crypt:3  | Noticed an ancient lich
 45455 | Crypt:3  | Killed an ancient lich
 45463 | Crypt:3  | Found an ancient bone altar of Kikubaaqudgha.
 45513 | Crypt:3  | Identified the Handbook of Sinister Secrets
 46278 | Depths:1 | Entered Level 1 of the Depths
 46283 | Depths:1 | Found Atolier's Antique Armour Boutique.
 46285 | Depths:1 | Found Ybuimos's General Store.
 46289 | Depths:1 | Found a gateway to Hell.
 46324 | Depths:1 | Found a flickering gateway to a bazaar.
 46345 | Bazaar   | Entered a bazaar
 46345 | Bazaar   | Found Gale's Gadget Shop.
 46345 | Bazaar   | Found Pudim's Antique Weapon Emporium.
 46366 | Bazaar   | Found Masebboqe's General Store.
 46374 | Bazaar   | Found Acuigieff's Antique Armour Boutique.
 46385 | Bazaar   | Found Gichyar's Magic Scroll Emporium.
 46421 | Bazaar   | Bought a scroll of acquirement for 780 gold pieces
 46423 | Bazaar   | Got a vibrating garnet amulet
 46424 | Bazaar   | Identified the amulet "Cugojerph" {+Rage Dex+2} (You acquired it in a bazaar)
 46716 | D:4      | Bought a scroll of acquirement for 728 gold pieces
 46718 | D:4      | Got a flickering amber ring
 46720 | D:4      | Bought a scroll of identify for 28 gold pieces
 46720 | D:4      | Bought a scroll of identify for 28 gold pieces
 46720 | D:4      | Bought a scroll of identify for 28 gold pieces
 46720 | D:4      | Identified the ring "Jeaf" {rPois MR+ Int+5} (You acquired it on level 4 of the Dungeon)
 46989 | Depths:1 | Found Nyruqip's Food Shop.
 47232 | Depths:1 | Reached XP level 24. HP: 208/208 MP: 22/22
 47331 | Depths:1 | Found Dixtucy's Food Shop.
 48063 | Depths:2 | Found Diwe's Weapon Emporium.
 48076 | Depths:2 | Found a one-way gate to the infinite horrors of the Abyss.
 48159 | Depths:2 | Found Plog's Gadget Shoppe.
 48344 | Depths:2 | Got a smoking plate armour
 48345 | Depths:2 | Identified the +8 plate armour of Dyofyjiu {*Slow rCorr Str+5} (You found it on level 2 of the Depths)
 48905 | Depths:3 | Found a one-way gate leading to the halls of Pandemonium.
 49145 | Depths:3 | Identified the Catalogue of Mutagenic Ice
 49613 | Depths:3 | Found a glowing golden altar of the Shining One.
 50368 | Depths:4 | Got a coiled tin amulet
 50369 | Depths:4 | Identified the amulet "Guocoz" {Regen+ Dex+2} (You acquired it on level 4 of the Depths)
 50996 | Depths:4 | Reached XP level 25. HP: 218/218 MP: 22/22
 51054 | Depths:5 | Entered Level 5 of the Depths
 51266 | Depths:5 | Found a gate to the Realm of Zot.
 51402 | Depths:5 | Found a gateway to a ziggurat.
 51578 | Depths:5 | Noticed Boris
 51587 | Depths:5 | Killed Boris
 51722 | Depths:5 | Found Ygar's Gadget Boutique.
 51722 | Depths:5 | Found Nimias's Jewellery Emporium.
 51723 | Depths:5 | Found Ostue's Jewellery Emporium.
 51733 | Depths:5 | Bought the ring "Caph" {rC+ rN+} for 578 gold pieces
 51941 | Zig:1    | Entered Level 1 of a ziggurat
 51941 | Zig:1    | Noticed Wasumeej the pandemonium lord
 51975 | Zig:1    | Killed Wasumeej the pandemonium lord
 51999 | Zig:2    | Entered Level 2 of a ziggurat
 52020 | Zig:3    | Entered Level 3 of a ziggurat
 52042 | Zig:3    | Reached XP level 26. HP: 225/225 MP: 22/22
 52045 | Zig:4    | Entered Level 4 of a ziggurat
 52079 | Zig:4    | Got a smoking glass ring
 52084 | Zig:5    | Entered Level 5 of a ziggurat
 52128 | Zig:5    | Got a pair of jewelled gloves
 52139 | Zig:5    | Identified the cursed +0 pair of gloves "Fianisch" {+Blink rPois Dex+3} (You found it on level 5 of a ziggurat)
 52144 | Zig:5    | Identified the ring "Igesuo" {rF+ rC+++ rN+ Int-3} (You found it on level 4 of a ziggurat)
 52147 | Zig:6    | Entered Level 6 of a ziggurat
 52175 | Zig:6    | Got a clouded lead ring
 52195 | Zig:6    | Identified the ring of Cuhiypnau {Wiz rElec rC++ Str-4 SInv} (You found it on level 6 of a ziggurat)
 52203 | Zig:7    | Entered Level 7 of a ziggurat
 52267 | Zig:8    | Entered Level 8 of a ziggurat
 52270 | Zig:8    | Noticed an ancient lich
 52280 | Zig:8    | Killed an ancient lich
 52297 | Zig:8    | Got an ancient marble ring
 52300 | Zig:8    | Identified the ring of the Two Names {rN+ Dex+2} (You found it on level 8 of a ziggurat)
 52305 | Zig:8    | Identified the Papyrus of Assistive Confrontation
 52315 | Zig:9    | Entered Level 9 of a ziggurat
 52346 | Zig:9    | Gained mutation: You tend to lose your temper in combat. [a shining eye]
 52574 | Zig:9    | Reached XP level 27. HP: 234/234 MP: 22/22
 52583 | Zig:10   | Entered Level 10 of a ziggurat
 52679 | Zig:10   | Got a scintillating steel ring
 52730 | Zig:11   | Entered Level 11 of a ziggurat
 52811 | Zig:11   | Got a crude war axe
 52816 | Zig:11   | Got a twitching silver amulet
 52817 | Zig:11   | Identified the Almanac of Conjuration
 52980 | Zig:12   | Entered Level 12 of a ziggurat
 53189 | Zig:12   | Got a scorched ruby amulet
 53194 | Zig:12   | Got a heavily runed tin ring
 53197 | Zig:12   | Got a bound amber ring
 53210 | Zig:13   | Entered Level 13 of a ziggurat
 53442 | Depths:1 | Bought a scroll of identify for 46 gold pieces
 53619 | Orc:2    | Bought a scroll of identify for 34 gold pieces
 53619 | Orc:2    | Identified the +0 war axe of Wrongful Imprisonment {freeze, Str-5 Int+5 Dex+4} (You found it on level 11 of a ziggurat)
 53621 | Orc:2    | Identified the ring of Kaes {+Inv rPois rC- Int-5 SInv} (You found it on level 12 of a ziggurat)
 53625 | Orc:2    | Identified the amulet "Oxopod" {RegenMP rPois rF+ rC+} (You found it on level 12 of a ziggurat)
 53627 | Orc:2    | Identified the amulet "Batah" {Harm *Drain rF+ rN+ Slay+2} (You found it on level 11 of a ziggurat)
 53630 | Orc:2    | Identified the ring of Midnight {+Fly rPois} (You found it on level 12 of a ziggurat)
 53632 | Orc:2    | Identified the ring "Wocobb" {rPois MP+9 Str-4 Stlth+} (You found it on level 10 of a ziggurat)
 53830 | Slime:1  | Entered Level 1 of the Pits of Slime
 54336 | Slime:2  | Gained mutation: You expend magic power (3 MP) to strengthen your wands. [a shining eye]
 54338 | Slime:2  | Gained mutation: You are occasionally teleported next to monsters. [a shining eye]
 55035 | Slime:5  | Entered Level 5 of the Pits of Slime
 55079 | Slime:5  | Noticed the Royal Jelly
 55104 | Slime:5  | Killed the Royal Jelly
 55105 | Slime:5  | Gained mutation: Your magical capacity is low. (-10% MP) [a shining eye]
 55137 | Slime:5  | Got a slimy rune of Zot
 55146 | Slime:5  | Got a clouded golden ring
 55256 | Slime:5  | Identified the ring "Wyghi" {EV+3 Str+4 Int+8} (You found it on level 5 of the Pits of Slime)
 56429 | Tomb:1   | Entered Level 1 of the Tomb of the Ancients
 56430 | Tomb:1   | Lost mutation: You tend to lose your temper in combat. [potion of cure mutation]
 56430 | Tomb:1   | Lost mutation: Your magical capacity is low. (-10% MP) [potion of cure mutation]
 56430 | Tomb:1   | Lost mutation: You expend magic power (3 MP) to strengthen your wands. [potion of cure mutation]
 56430 | Tomb:1   | Lost mutation: You have a pair of large horns on your head. [potion of cure mutation]
 56549 | Tomb:1   | Noticed an ancient lich
 56553 | Tomb:1   | Noticed a greater mummy
 56602 | Tomb:1   | HP: 1/237 [acid (16)]
 56610 | Tomb:1   | HP: 1/236 [ushabti] (13)]
 56610 | Tomb:1   | Succumbed to an ushabti's dark miasma

Skill      XL: |  1  2  3  4  5  6  7  8  9 10 11 12 13 14 15 16 17 18 19 20 21 22 23 24 25 26 27 |
---------------+----------------------------------------------------------------------------------+-----
Dodging        | 1 2 3 4 5 6 8 9 10 12 13 14 15 16 17 18 19 20 21 22 23 | 23.3
Axes           | 3 4 5 6 7 9 10 12 13 14 15 16 17 18 19 20 21 22 23 24 | 24.4
Fighting       | 4 5 6 7 8 9 11 12 13 14 15 16 17 18 19 20 21 22 23 24 | 24.6
Shields        | 4 5 6 7 8 10 11 12 13 14 15 16 17 18 19 20 21 22 23 24 | 24.4
Armour         | 4 5 6 7 8 9 11 12 13 14 15 16 17 18 19 20 21 22 23 24 | 24.5

Action                   |  1- 3 |  4- 6 |  7- 9 | 10-12 | 13-15 | 16-18 | 19-21 | 22-24 | 25-27 || total
-------------------------+-------+-------+-------+-------+-------+-------+-------+-------+-------++-------
Melee: War axe           |    76 |   100 |   254 |   236 |       |       |       |       |       ||   666
       Headbutt          |     7 |    19 |    56 |   127 |   313 |   312 |   302 |   484 |   221 ||  1841
       Hand axe          |       |       |       |   158 |   561 |       |       |       |       ||   719
       Broad axe         |       |       |       |       |   504 |  1047 |   989 |  1384 |   604 ||  4528
Invok: Ancestor Identity |       |     1 |       |       |       |       |       |       |       ||     1
       Ancestor Life: Kn |       |       |     1 |       |       |       |       |       |       ||     1
       Recall Ancestor   |       |       |       |     2 |     1 |     2 |     1 |     1 |     1 ||     8
 Abil: Evoke Blink       |       |       |       |       |       |     7 |       |       |     1 ||     8
Evoke: Wand              |       |       |     1 |     3 |    23 |       |     2 |     4 |     8 ||    41
  Use: Scroll            |       |    10 |     5 |     4 |    19 |     8 |     9 |    20 |    20 ||    95
       Potion            |       |     3 |     4 |     6 |     6 |    12 |     5 |     9 |    23 ||    68
 Stab: Distracted        |       |       |       |     3 |     3 |     9 |    16 |    29 |    10 ||    70
       Petrifying        |       |       |       |       |     1 |       |       |       |     1 ||     2
       Confused          |       |       |       |       |       |     1 |       |       |       ||     1
       Petrified         |       |       |       |       |       |       |       |       |     9 ||     9
       Invisible         |       |       |       |       |       |       |       |       |     5 ||     5
  Eat: Beef jerky        |       |     3 |     1 |     1 |     1 |     1 |     5 |     5 |       ||    17
       Fruit             |       |     5 |     3 |     6 |    21 |     5 |       |    13 |     2 ||    55
       Bread ration      |       |     1 |       |     1 |       |     3 |     2 |     3 |     2 ||    12
       Pizza             |       |     1 |     1 |     1 |    10 |     2 |       |     2 |     1 ||    18
       Royal jelly       |       |       |     1 |     1 |     1 |       |       |     1 |     4 ||     8
       Meat ration       |       |       |       |       |     2 |     2 |     1 |       |     1 ||     6
Armor: Scale mail        |    35 |    49 |    26 |       |       |       |       |       |       ||   110
       Plate armour      |       |       |    89 |   161 |   213 |   184 |   129 |    91 |   118 ||   985
Dodge: Dodged            |    30 |    35 |   133 |   217 |   393 |   451 |   384 |   355 |   229 ||  2227
Block: Shield            |    33 |    58 |   156 |   273 |   566 |   382 |       |       |       ||  1468
       Large shield      |       |       |       |       |       |   560 |  1181 |  1297 |   633 ||  3671
       Reflection        |       |       |       |       |       |    52 |    32 |       |       ||    84
